Map: Acid Plant LE

Players

Honor - Winner!

  • Race: Zerg Zerg
  • League: Master
  • Spawn Location: 5:00

A.I. 1 (Elite)

  • Race: Protoss Protoss
  • Spawn Location: 11:00

VOD

Have the link to the VOD?

Description

Time

  • Played on: March 15, 2018, 8:29 a.m.
  • Length: 8:00
Show
View Real Time Build Order
Export as new Build Order

Honor Zerg - Winner!

Build Orders: Pool First 

Get SALT Encoding   

  12  0:01  Drone  
  13  0:12  Overlord  
  13  0:18  Drone  
  14  0:31  Drone x2  
  14  0:34  Drone  
  17  0:46  Spawning Pool  
  17  0:49  Drone  
  17  1:10  Hatchery  
  16  1:13  Drone  
  16  1:16  Extractor  
  16  1:17  Drone  
  17  1:20  Drone  
  18  1:32  Queen  
  20  1:35  Zergling x2  
  21  1:40  Overlord  
  21  1:50  Drone  
  22  2:00  Drone  
  23  2:07  Queen  
  25  2:13  Drone  
  26  2:16  Metabolic Boost  
  26  2:22  Roach Warren  
  25  2:24  Drone  
  25  2:25  Drone  
  27  2:32  Drone  
  28  2:37  Drone  
  29  2:44  Drone x4  
  29  2:50  Overlord  
  33  3:00  Drone x2  
  33  3:03  Lair  
  35  3:08  Extractor  
  35  3:10  Drone  
  35  3:11  Drone  
  36  3:16  Drone  
  36  3:19  Overlord  
  37  3:22  Drone x2  
  37  3:23  Drone x2  
  40  3:30  Drone  
  41  3:39  Drone x3  
  44  3:49  Hatchery  
  44  3:54  Overlord  
  43  3:56  Roach x3  
  43  3:58  Roach  
  51  4:05  Overlord x2  
  51  4:10  Glial Reconstitution  
  51  4:14  Roach  
  51  4:15  Roach x2  
  57  4:25  Roach x4  
  57  4:27  Roach  
  67  4:38  Zergling x2  
  67  4:42  Overlord x2  
  68  4:46  Queen  
  70  4:54  Drone x5, Extractor  
  70  4:55  Drone x2  
  76  5:07  Drone x3  
  76  5:08  Drone  
  80  5:16  Drone  
  80  5:17  Drone x3  
  84  5:24  Overlord x2  
  84  5:27  Drone x4  
  88  5:35  Roach x3  
  94  5:45  Overlord x2  
  94  5:46  Roach  
  96  5:54  Roach  
  96  5:55  Roach x8  
  114  5:58  Overlord  
  114  6:00  Overlord  
  114  6:09  Roach x2  
  118  6:17  Roach  
  118  6:18  Roach x4  
  128  6:21  Overlord x2  
  128  6:22  Roach  
  128  6:23  Roach x2  
  133  6:33  Roach x5  
  143  6:42  Roach  
  143  6:43  Roach  
  143  6:46  Overlord x2  
  147  6:47  Overlord  
  147  6:48  Roach x2  
  147  6:49  Roach  
  153  6:58  Roach x2  
  151  7:06  Roach x2  
  151  7:07  Roach x2  
  157  7:09  Roach  
  159  7:20  Roach  
  159  7:21  Roach x4  
  169  7:29  Roach x4  
  173  7:30  Roach  
  173  7:33  Overlord x3  
Show
View Real Time Build Order
Export as new Build Order

A.I. 1 (Elite) Protoss 

Build Orders: Colossus Rush 

Get SALT Encoding   

  12  0:00  Probe  
  13  0:13  Probe  
  14  0:20  Pylon  
  14  0:25  Probe  
  15  0:34  Probe  
  15  0:42  Probe  
  16  0:48  Assimilator  
  17  0:50  Gateway  
  17  0:51  Probe  
  18  0:59  Probe  
  18  1:01  Pylon  
  19  1:07  Probe  
  20  1:18  Probe  
  21  1:30  Probe  
  22  1:39  Zealot  
  24  1:42  Probe  
  25  1:48  Nexus  
  25  1:58  Probe  
  25  2:00  Cybernetics Core  
  25  2:06  Probe  
  27  2:18  Probe  
  28  2:28  Warp Gate  
  28  2:29  Pylon  
  28  2:30  Probe  
  28  2:36  Stalker  
  28  2:42  Probe  
  28  2:43  Gateway  
  31  2:46  Assimilator  
  31  2:54  Probe  
  32  2:58  Adept  
  32  3:02  Pylon  
  32  3:03  Probe  
  33  3:07  Probe  
  36  3:16  Probe  
  36  3:19  Probe  
  38  3:25  Adept  
  40  3:30  Robotics Facility  
  40  3:34  Adept  
  42  3:35  Probe  
  42  3:37  Probe  
  44  3:47  Probe  
  45  3:49  Probe  
  45  3:52  Adept  
  45  3:53  Adept  
  48  3:59  Probe x2  
  52  4:07  Probe  
  52  4:11  Probe  
  54  4:17  Probe  
  54  4:19  Adept  
  54  4:22  Pylon  
  54  4:23  Observer, Probe  
  59  4:26  Robotics Bay  
  59  4:31  Robotics Facility  
  59  4:32  Probe  
  60  4:38  Pylon  
  60  4:39  Stalker  
  62  4:48  Probe, Pylon  
  62  4:50  Probe  
  64  4:54  Stalker  
  66  5:11  Gateway  
  66  5:19  Zealot  
  66  5:20  Pylon  
  68  5:23  Zealot  
  68  5:24  Colossus  
  76  5:33  Pylon  
  76  5:35  Zealot  
  78  5:43  Zealot  
  78  5:45  Probe  
  78  5:46  Assimilator, Probe  
  82  5:50  Twilight Council  
  82  5:51  Assimilator  
  82  5:55  Stalker  
  84  5:57  Probe  
  84  6:04  Pylon, Zealot  
  87  6:05  Zealot  
  87  6:09  Probe  
  87  6:11  Nexus  
  90  6:15  Probe  
  91  6:18  Zealot  
  91  6:19  Zealot  
  91  6:22  Probe  
  96  6:28  Probe, Pylon  
  96  6:32  Templar Archives  
  97  6:44  Forge  
  97  6:49  Pylon  
  97  6:51  Zealot x2  
  97  6:52  Pylon  
  97  6:53  Zealot  
  75  7:09  Forge  
  75  7:11  Stalker, Sentry  
  75  7:13  Adept  
  75  7:24  Probe  
  75  7:26  Stalker, Probe x2  
  66  7:30  High Templar  
  66  7:34  Zealot  
  55  7:44  Zealot  
  55  7:50  Pylon  
Tags
 
League
Master
Matchup
PvZ
Opening
Pool First
Spawn Locations
Cross Positions
Add a new tag
Caveats
  • Supply blocks, unpowered buildings, or Contaminate may cause inaccurate times.
  • Supply counts are checked every 10 seconds.